 Dungeon Crawl Stone Soup version 0.25-a0-597-gb30770a0c0 (webtiles) character file.

Game seed: 11318572728256720785, levelgen mode: deterministic

130 An17 the Skirmisher (level 4, 0/38 HPs)
             Began as a Demonspawn Wanderer on Mar 15, 2020.
             Succumbed to an adder's poison
             ... on level 3 of the Dungeon.
             The game lasted 00:06:54 (1574 turns).

An17 the Skirmisher (Demonspawn Wanderer)           Turns: 1574, Time: 00:06:55

Health: 0/38       AC:  3    Str: 14    XL:     4   Next: 90%
Magic:  4/4        EV: 11    Int: 12    God:
Gold:   150        SH:  0    Dex: 13    Spells: 3/3 levels left

rFire    . . .     SeeInvis .   g - +2 dagger (venom)
rCold    . . .     Gourm    .   (no shield)
rNeg     . . .     Faith    .   a - +0 leather armour
rPois    .         Spirit   .   (no helmet)
rElec    .         Reflect  .   (no cloak)
rCorr    .         Harm     .   (no gloves)
MR       .....                  (no boots)
Stlth    +.........             (no amulet)
HPRegen  0.12/turn              e - ring of flight
MPRegen  0.09/turn              (no ring)

@: lethally poisoned (0 -> -3), very slow
A: claws 1, powered by pain 1
a: Evoke Flight


You were on level 3 of the Dungeon.
You were not hungry.

You visited 1 branch of the dungeon, and saw 3 of its levels.

You collected 150 gold pieces.

Inventory:

Hand Weapons
 g - a +2 dagger of venom (weapon)
 h - a +2 short sword of speed
Missiles
 n - 15 poisoned darts (quivered)
Armour
 a - a +0 leather armour (worn)
 d - a +0 ring mail
Jewellery
 e - a ring of flight (left claw)
 m - an uncursed amulet of faith
Wands
 b - a wand of paralysis (15)
Scrolls
 k - a scroll of teleportation
Potions
 c - a potion of heal wounds
 i - a potion of lignification {unknown}
 j - 2 potions of brilliance
 l - 2 potions of mutation
Comestibles
 f - 3 rations


   Skills:
 + Level 4.8 Fighting
 + Level 2.5 Short Blades
 + Level 1.0 Throwing
 + Level 1.5 Dodging
 + Level 3.0 Stealth
 + Level 1.0 Evocations


You had 3 spell levels left.
You didn't know any spells.
Your spell library was empty.

Dungeon Overview and Level Annotations

Branches:
Dungeon (3/15)

Altars:


Innate Abilities, Weirdness & Mutations

You have sharp fingernails.
You sometimes gain a little power by taking damage.


Message History

* * * LOW HITPOINT WARNING * * *
* * * LOW HITPOINT WARNING * * *
You feel sick.
You kill the adder!
Your Stealth skill increases to level 3!
Your unstable footing causes you to fumble your attack.
Your unstable footing causes you to fumble your attack.
* * * LOW HITPOINT WARNING * * *
You feel sick. The goblin misses you.
Your unstable footing causes you to fumble your attack.
The goblin hits you with a +0 club.
* * * LOW HITPOINT WARNING * * *
You hit the goblin.
You kill the goblin!
You hear a splash.
* * * LOW HITPOINT WARNING * * *
You feel sick.
* * * LOW HITPOINT WARNING * * *
You feel sick.
You die...

..........≈≈≈P≈#
................
.≈PP≈≈.≈≈[≈....≈....
♣≈PPP≈≈≈≈P≈≈..≈.≈...
≈≈≈≈≈≈P≈≈≈)≈≈≈≈≈..#
≈≈≈≈≈≈≈≈P≈≈≈P≈#.. #.
♣P≈≈≈≈≈≈≈≈≈♣##
#...♣♣≈≈P≈≈PP≈P♣# #
........≈)≈♣P@≈≈##.#
##..♣♣♣♣)♣....#
#(...)....####
#.........#
#..†.....<#
##.......##
##....)## #######


There were no monsters in sight!

Vanquished Creatures
  4 adders
  5 worms
  2 dart slugs
  4 leopard geckos (D:1)
  3 giant cockroaches
  10 goblins
  10 hobgoblins
  7 jackals
  7 kobolds
  A quokka (D:2)
  A ball python (D:1)
  4 bats
  4 frilled lizards
  9 rats
71 creatures vanquished.

Notes
Turn   | Place    | Note
-------+----------+-------------------------------------------
     0 | D:1      | An17 the Demonspawn Wanderer began the quest for the Orb.
     0 | D:1      | An17 set off with the following items: a +0 short sword, a
                  | wand of paralysis (15), a potion of curing, a +0 robe, a +0
                  | dagger, a ration
     0 | D:1      | Reached XP level 1. HP: 19/19 MP: 1/1
   149 | D:1      | Gained mutation: You have sharp fingernails. [demonic
                  | ancestry]
   149 | D:1      | Reached XP level 2. HP: 14/25 MP: 2/2
   472 | D:1      | Gained mutation: You sometimes gain a little power by
                  | taking damage. [demonic ancestry]
   472 | D:1      | Reached XP level 3. HP: 30/31 MP: 3/3
   867 | D:2      | HP: 1/31 [giant cockroach (1)]
   974 | D:2      | Reached XP level 4. HP: 19/38 MP: 4/4
  1573 | D:3      | HP: 1/38 [poisoned by an adder]
  1574 | D:3      | Succumbed to an adder's poison

Levels and vault maps discovered:
D:1:      minmay_arrival_nine_rooms, layout_basic
D:2:      layout_loops_ring, first_ration
D:3:      layout_rooms, chequers_ecumenical_altar_simple, serial_bayou_ford_a,
          uniq_ijyb, uniq_robin, uniq_terence, uniq_sigmund

Skill      XL: |  1  2  3  4 |
---------------+-------------+-----
Stealth        | 2 3 |  3.0
Short Blades   | 2 |  2.5
Fighting       | |  4.8
Throwing       | |  1.0
Dodging        | |  1.5
Evocations     | |  1.0

Action                   |  1- 3 |  4- 6 || total
-------------------------+-------+-------++-------
Melee: Short sword       |    52 |       ||    52
       Dagger            |    71 |    75 ||   146
  Use: Scroll            |     6 |     1 ||     7
       Potion            |     1 |       ||     1
 Stab: Sleeping          |     9 |     4 ||    13
       Distracted        |       |     1 ||     1
  Eat: Ration            |       |     1 ||     1
Armor: Robe              |     4 |       ||     4
       Leather armour    |    23 |     9 ||    32
Dodge: Dodged            |    61 |    34 ||    95

Table legend:
 A = Non-vault XP
 B = Vault XP
 C = Vault XP percentage of total XP
 D = Non-vault monster count
 E = Vault monster count
 F = Vault count percentage of total count
                 A         B        C        D         E       F
            +---------+---------+-------+---------+---------+-------
      Total |     185 |       2 |   1.1 |      70 |       1 |   1.4
            +---------+---------+-------+---------+---------+-------
        D:1 |      63 |       0 |   0.0 |      34 |       0 |   0.0
        D:2 |      93 |       0 |   0.0 |      30 |       0 |   0.0
        D:3 |      29 |       2 |   6.5 |       6 |       1 |  14.3
            +---------+---------+-------+---------+---------+-------
